 Dungeon Crawl Stone Soup version 0.26.1-11-gd32895ea62 (webtiles) character file.

Game seed: 1098186471594049972

2947 Tirrikindir the Carver (level 9, -16/64 HPs)
             Began as an Octopode Fighter on June 1, 2021.
             Was a Priest of Dithmenos.
             Demolished by a death yak (22 damage)
             ... on level 8 of the Dungeon.
             The game lasted 00:18:05 (8932 turns).

Tirrikindir the Carver (Octopode Fighter)           Turns: 8932, Time: 00:18:06

Health: -16/64     AC:  3    Str: 17    XL:     9   Next: 80%
Magic:  12/12      EV: 15    Int: 22    God:    Dithmenos [***...]
Gold:   451        SH: 10    Dex: 19    Spells: 8/8 levels left

rFire    . . .     SeeInvis +   a - +0 long sword
rCold    . . .     Faith    .   b - +0 kite shield
rNeg     . . .     Spirit   .   l - +2 hood of the Assassin {Detection Stab+ Stlth++}
rPois    .         Reflect  .   (no amulet)
rElec    .         Harm     .   u - +6 ring of intelligence
rCorr    .         Rampage  .   w - +6 ring of intelligence
Will     .....                  y - +6 ring of dexterity
Stlth    +++++++++.             B - ring of see invisible
HPRegen  0.20/turn              e - ring of flight
MPRegen  0.13/turn              (no ring)
                                (no ring)
                                (no ring)

@: mighty, about to teleport, wreathed by umbra
A: almost no armour, stealthy swim, amphibious, 8 rings, constrict 8, camouflage
1, robust 1, gelatinous body 1, evolution 1
a: Renounce Religion, Evoke Flight, Shadow Step


You were on level 8 of the Dungeon.
You worshipped Dithmenos.
Dithmenos was most pleased with you.
You visited 2 branches of the dungeon, and saw 9 of its levels.

You collected 451 gold pieces.

Inventory:

Hand Weapons
 a - a +0 long sword (weapon)
 j - a +3 dagger
Missiles
 t - 45 poisoned darts (quivered)
Armour
 b - a +0 kite shield (worn)
 l - the +2 hood of the Assassin (worn) {Detection Stab+ Stlth++}
   (You found it on level 7 of the Dungeon)

   It makes you much more stealthy.
Jewellery
 e - a ring of flight (on tentacle)
 u - a +6 ring of intelligence (left tentacle)
 w - a +6 ring of intelligence (right tentacle)
 y - a +6 ring of dexterity (on tentacle)
 B - a ring of see invisible (on tentacle)
Wands
 q - a wand of flame (14)
 s - a wand of disintegration (11)
Scrolls
 k - 4 scrolls of immolation
 o - 4 scrolls of magic mapping
 v - 3 scrolls of remove curse
Potions
 c - a potion of might
 d - 2 potions of brilliance
 f - a potion of flight
 g - 6 potions of lignification
 h - a potion of ambrosia
 i - a potion of invisibility
 m - a potion of resistance
 p - a potion of berserk rage
 z - 3 potions of curing
 A - a potion of mutation


   Skills:
 + Level 4.7 Fighting
 * Level 8.8 Long Blades
 * Level 5.4 Dodging
 + Level 5.3 Stealth
 * Level 5.4 Shields
 + Level 4.9 Invocations
 + Level 3.3 Evocations


You had 8 spell levels left.
You didn't know any spells.
Your spell library was empty.

Dungeon Overview and Level Annotations

Branches:
Dungeon (8/15)             Temple (1/1) D:5
   Lair: D:8-11

Altars:
Ashenzari
Cheibriados
Dithmenos
Elyvilon
Fedhas
Gozag
Hepliaklqana
Kikubaaqudgha
Makhleb
Nemelex Xobeh
Okawaru
Qazlal
Ru
Sif Muna
Trog
Uskayaw
Wu Jian
Xom
Yredelemnul
Zin
The Shining One

Annotations:
D:7 1 runed translucent door, Dogology's ghost, novice SpVM


Innate Abilities, Weirdness & Mutations

You cannot wear most types of armour.
You are very stealthy in the water. (Stealth+)
You are amphibious.
You can wear up to eight rings at the same time.
You can use your tentacles to constrict eight enemies at once.
Your skin changes colour to match your surroundings (Stealth+).
Your rubbery body absorbs attacks. (AC +1, EV +1)
You are robust. (+10% HP)
You evolve.


Message History

The death yak is heavily wounded.
The death yak completely misses you.
You riposte.
You hit the death yak. You squeeze the death yak!
The death yak is severely wounded.
You block the death yak's attack.
The hell rat roars deafeningly!
You hit the death yak but do no damage.
The death yak is severely wounded.
The death yak barely misses you.
You slash the death yak!
The death yak is almost dead.
The death yak gores you!!
* * * LOW HITPOINT WARNING * * *
You hit the death yak but do no damage. You squeeze the death yak.
The death yak is almost dead.
The death yak gores you!
* * * LOW HITPOINT WARNING * * *
As you read the scroll of teleportation, it crumbles to dust.
You feel strangely unstable. The death yak gores you!!
You die...

#.#####...#
#.........#
###........ #.###.##.
#Y# # #.###.#
.!#YY...#
.{Zc#...##.##########
#.#).#....orY.YY@...#
#.#.#.....r########.#
# #.......) #.# ###
#.### #.# .# #.### #
#.(.# ###.# #.# #.#


You could see 3 death yaks, 2 hell rats and an orc priest.

Vanquished Creatures
  A two-headed ogre (D:8)
  2 ice beasts (D:7)
  A phantom (D:6)
  3 ogres
  2 centaurs
  A big kobold (D:7)
  4 bullfrogs
  A scorpion (D:7)
  A water moccasin skeleton (D:4)
  3 howler monkeys
  2 bullfrog zombies
  5 hounds
  A jelly (D:5)
  A gnoll shaman (D:4)
  5 orc priests
  2 bullfrog skeletons
  Ijyb (D:3)
  Jessica (D:3)
  6 orc wizards
  A worker ant (D:4)
  3 hound zombies
  A hound skeleton (D:4)
  11 gnolls (D:4)
  A howler monkey skeleton (D:5)
  6 adders
  2 white imps
  2 ufetubi
  An adder zombie (D:7)
  4 worms
  A dart slug (D:2)
  3 leopard geckos
  25 orcs
  2 ball pythons
  5 giant cockroaches
  11 goblins
  4 hobgoblins (D:1)
  8 jackals
  11 kobolds
  2 quokkas
  A ball python skeleton (D:3)
  7 bats
  6 frilled lizards
  A giant cockroach zombie (D:6)
  15 rats
  A butterfly (D:5)
178 creatures vanquished.

Notes
Turn   | Place    | Note
-------+----------+-------------------------------------------
     0 | D:1      | Tirrikindir the Octopode Fighter began the quest for the
                  | Orb.
     0 | D:1      | Reached XP level 1. HP: 16/16 MP: 1/1
   129 | D:1      | Reached XP level 2. HP: 15/21 MP: 2/2
   289 | D:1      | Reached skill level 1 in Stealth
   659 | D:1      | Reached XP level 3. HP: 23/26 MP: 3/3
  1060 | D:2      | Found an ornate altar of the Wu Jian Council.
  1348 | D:2      | Found a shadowy altar of Dithmenos.
  1357 | D:2      | Became a worshipper of Dithmenos the Shadowed
  1915 | D:3      | Noticed Ijyb
  1925 | D:3      | Killed Ijyb
  1926 | D:3      | Reached skill level 3 in Long Blades
  1926 | D:3      | Reached XP level 4. HP: 24/31 MP: 4/4
  2014 | D:3      | Found a broken altar of Ashenzari.
  2101 | D:3      | Found a blossoming altar of Fedhas.
  2208 | D:3      | Noticed a moth of wrath
  2211 | D:3      | Found a bloodstained altar of Trog.
  2851 | D:3      | Noticed Jessica
  2857 | D:3      | Killed Jessica
  2858 | D:3      | Reached skill level 1 in Invocations
  2858 | D:3      | Reached XP level 5. HP: 36/36 MP: 5/5
  3449 | D:4      | Reached skill level 1 in Evocations
  3600 | D:4      | Reached * piety under Dithmenos
  3603 | D:4      | Reached XP level 6. HP: 24/42 MP: 5/7
  3857 | D:4      | Found a shimmering altar of Xom.
  4022 | D:4      | Reached skill level 4 in Long Blades
  4050 | D:4      | Reached XP level 7. HP: 25/47 MP: 8/8
  4094 | D:4      | Reached ** piety under Dithmenos
  4428 | D:4      | Found a basalt altar of Yredelemnul.
  4739 | D:5      | Entered Level 5 of the Dungeon
  4781 | D:5      | Found a sacrificial altar of Ru.
  4797 | D:5      | Reached skill level 5 in Long Blades
  5028 | D:5      | Reached XP level 8. HP: 26/54 MP: 10/10
  5253 | D:5      | Reached skill level 6 in Long Blades
  5372 | D:5      | Found a staircase to the Ecumenical Temple.
  5384 | Temple   | Entered the Ecumenical Temple
  5971 | D:5      | Reached skill level 7 in Long Blades
  7163 | D:6      | Reached skill level 8 in Long Blades
  7704 | D:7      | Gained mutation: You are robust. (+10% HP) [potion of
                  | mutation]
  7704 | D:7      | Gained mutation: You evolve. [potion of mutation]
  7735 | D:7      | Found a runed translucent door.
  7744 | D:7      | Noticed Dogology's ghost (novice SpVM)
  7994 | D:7      | Reached XP level 9. HP: 63/63 MP: 12/12
  8254 | D:7      | Found the +2 hood of the Assassin {Detection Stab+ Stlth++}
  8447 | D:8      | Noticed a two-headed ogre
  8452 | D:8      | Killed a two-headed ogre
  8453 | D:8      | Reached skill level 5 in Dodging
  8453 | D:8      | Reached skill level 5 in Stealth
  8453 | D:8      | Reached skill level 5 in Shields
  8457 | D:8      | Reached *** piety under Dithmenos
  8468 | D:8      | Found a sparkling altar of Nemelex Xobeh.
  8661 | D:8      | Noticed a death yak
  8662 | D:8      | Noticed a death yak
  8675 | D:8      | Noticed a death yak
  8932 | D:8      | Demolished by a death yak

Illustrated notes

Levels and vault maps discovered:
D:1:      dpeg_arrival_castle, layout_basic
D:2:      layout_loops_ring, overflow_temple_1_default,
          lemuel_coloured_pillars_altar, grunt_decor_clamped, minivault_4
D:3:      layout_basic, fedhas_altar_fruit_tree, tgw_trog, dk_noncrumbling_4,
          evilmike_ruin_ashenzari, uniq_ijyb, uniq_jessica
D:4:      layout_basic, lemuel_doored_altar, yredelemnul_altar_generic
D:5:      layout_layer_cave, kennysheep_mini, minmay_temple_entry_butterflies
D:6:      layout_loops_ring
D:7:      layout_rooms, ebering_ghost_reflecting_pool
D:8:      cheibrodos_barr_body, layout_loops_corners, general_overflow_altar,
          vehumet_crystals, dpeg_lair_monsters
Temple:   cyrus_circular_temple

Skill      XL: |  1  2  3  4  5  6  7  8  9 |
---------------+----------------------------+-----
Stealth        | 1 2 3 4 5 |  5.3
Long Blades    | 3 4 5 8 |  8.8
Invocations    | 1 2 3 4 |  4.9
Evocations     | 1 2 3 |  3.3
Shields        | 4 5 |  5.4
Fighting       | 4 |  4.7
Dodging        | 4 5 |  5.4

Action                   |  1- 3 |  4- 6 |  7- 9 || total
-------------------------+-------+-------+-------++-------
Melee: Long sword        |    74 |    86 |   196 ||   356
       Constrict         |    23 |    30 |    46 ||    99
       Tentacles         |    13 |    23 |    84 ||   120
Throw: Dart              |       |     1 |     7 ||     8
Evoke: Wand              |       |       |     3 ||     3
  Use: Scroll            |     6 |     4 |     9 ||    19
       Potion            |       |     2 |     8 ||    10
 Stab: Sleeping          |     6 |     7 |    18 ||    31
Armor: Skin              |     5 |     6 |     3 ||    14
Dodge: Dodged            |    26 |    53 |   114 ||   193
Block: Kite shield       |    21 |    39 |    94 ||   154
       Rpst.: Long sword |     7 |    20 |    39 ||    66
